 Dungeon Crawl Stone Soup version 0.31-a0-177-g4aa6249778 (webtiles) character file.

Game seed: 10064204670157222779

84 qw the Shooter (level 4, -9/40 HPs)
             Began as a Naga Hunter on June 18, 2023.
             Mangled by a gnoll
             ... wielding a +0 halberd
              (12 damage)
             ... on level 3 of the Dungeon.
             The game lasted 00:00:39 (1739 turns).

qw the Shooter (Naga Hunter)                        Turns: 1739, Time: 00:00:39

Health: -9/40      AC:  2    Str: 14    XL:     4   Next: 46%
Magic:  4/4        EV:  9    Int:  9    God:
Gold:   110        SH:  0    Dex: 16    Spells: 3/3 levels left

rFire   . . .        Y - +0 shortbow
rCold   . . .        (shield currently unavailable)
rNeg    . . .        c - +0 leather armour
rPois   +            (no helmet)
rElec   .            (no cloak)
rCorr   .            (no gloves)
SInv    +            (no barding)
Will    .....        (no amulet)
Stlth   ++           (no ring)
HPRegen 0.26/turn    (no ring)
MPRegen 0.09/turn

%: no passive effects
@: short of breath, very slow
A: AC +1, large, see invisible, deformed body, poison resistance, slowness 2,
spit poison 1, naga tail 1
a: Spit Poison


You were on level 3 of the Dungeon.
You visited 1 branch of the dungeon, and saw 3 of its levels.

You collected 110 gold pieces.


Innate Abilities, Weirdness & Mutations

Your serpentine skin is tough. (AC +1)
You have supernaturally acute eyesight. (SInv)
Armour fits poorly on your strangely shaped body.
Your system is resistant to poisons. (rPois)
You cover ground very slowly.
You can spit poison.
You have a snake-like lower body.


   Skills:
 + Level 2.5 Fighting
 - Level 5.0 Ranged Weapons
 - Level 1.5 Dodging
 - Level 1.5 Stealth


You had 3 spell levels left.
You didn't know any spells.
Your spell library was empty.

Inventory:

Hand Weapons
 Y - a +0 shortbow (weapon)
Armour
 a - a +1 animal skin
 b - a +0 helmet
 c - a +0 leather armour (worn)
 f - a +3 ring mail
Potions
 d - 2 potions of curing
 i - a potion of lignification {unknown}
 j - a potion of mutation {unknown}

Dungeon Overview and Level Annotations

Branches:
Dungeon (3/15)

Altars:


Message History

You shoot an arrow. The arrow hits the goblin.
You kill the goblin!
The gnoll hits you from afar with a +0 halberd!
You shoot an arrow. The arrow barely misses the gnoll.
The arrow hits the gnoll!
The gnoll is heavily wounded.
You shoot an arrow. The arrow hits the goblin.
The goblin is severely wounded.
The goblin hits you with a +0 dagger.
You shoot an arrow.
The arrow hits the goblin but does no damage.
The goblin is severely wounded.
The goblin hits you but does no damage.
You shoot an arrow. The arrow misses the goblin.
The arrow closely misses the gnoll.
You have got your breath back.
The goblin hits you with a +0 dagger.
The gnoll hits you from afar with a +0 halberd!
1735 ||| INVOKING Spit Poison.
Aiming: Spit Poison (1% risk of failure)
Press: ? - help, Shift-Dir - straight line, f/p - goblin The splash of poison hits the goblin.
The goblin is poisoned.
You kill the goblin!
A gnoll comes into view. It is wielding a +0 club.
The gnoll hits you from afar with a +0 halberd!
1736 ||| DRINKING potion of heal wounds.
You feel much better.
The gnoll hits you from afar with a +0 halberd.
You shoot an arrow. The arrow hits the gnoll.
The gnoll is almost dead.
The gnoll closely misses you.
The gnoll hits you from afar with a +0 halberd.
The gnoll barely misses you.
The gnoll hits you from afar with a +0 halberd.
You shoot an arrow. The arrow barely misses the gnoll.
The gnoll hits you with a +0 flail!
The gnoll hits you from afar with a +0 halberd!
You shoot an arrow. The arrow hits the gnoll.
You kill the gnoll!
The gnoll hits you from afar with a +0 halberd!
You die...

.# .. ..##..
..#...
...... #g)..
.g. ##)#
#@)#
#####)## #.#
#....)## #.#
#.>..))####
#[#
#...##.)..#
#.#####
#...#####.#
#.#...#
#...# #.##
#.#...#
#...#
#..###.#...#
##.##
##.........#


You could see 2 gnolls.

Vanquished Creatures
  Robin (D:3)
  2 gnolls (D:3)
  A dart slug (D:1)
  A worm (D:2)
  5 endoplasms
  A giant cockroach (D:1)
  5 hobgoblins
  5 kobolds
  2 quokkas
  3 ball pythons
  7 bats
  2 frilled lizards
  15 goblins
  9 rats
59 creatures vanquished.

Notes
Turn   | Place    | Note
-------+----------+-------------------------------------------
     0 | D:1      | qw the Naga Hunter began the quest for the Orb.
     0 | D:1      | Reached XP level 1. HP: 19/19 MP: 1/1
     0 | D:1      | 0 ||| qw: Version: 0.3-a-7-ge0c9b40
     0 | D:1      | 0 ||| qw: Game counter: 720
     0 | D:1      | 0 ||| qw: Always use a shield: true
     0 | D:1      | 0 ||| qw: God list: Okawaru
     0 | D:1      | 0 ||| qw: Allow faded altars: false
     0 | D:1      | 0 ||| qw: Do Orc after D:15 true
     0 | D:1      | 0 ||| qw: Do second Lair branch before Depths: true
     0 | D:1      | 0 ||| qw: Lair rune preference: random
     0 | D:1      | 0 ||| qw: Plans: Normal
     0 | D:1      | 0 ||| PLANNING D:1-11
    24 | D:1      | 24 ||| INVOKING Spit Poison.
    79 | D:1      | 79 ||| INVOKING Spit Poison.
    99 | D:1      | 99 ||| INVOKING Spit Poison.
   105 | D:1      | 105 ||| INVOKING Spit Poison.
   122 | D:1      | 122 ||| INVOKING Spit Poison.
   125 | D:1      | Reached skill level 4 in Ranged Weapons
   125 | D:1      | Reached XP level 2. HP: 19/26 MP: 2/2
   169 | D:1      | 169 ||| INVOKING Spit Poison.
   173 | D:1      | 173 ||| INVOKING Spit Poison.
   183 | D:1      | 183 ||| INVOKING Spit Poison.
   337 | D:1      | 337 ||| INVOKING Spit Poison.
   364 | D:1      | 364 ||| INVOKING Spit Poison.
   451 | D:1      | 451 ||| INVOKING Spit Poison.
   458 | D:1      | 458 ||| INVOKING Spit Poison.
   522 | D:1      | 522 ||| INVOKING Spit Poison.
   540 | D:1      | 540 ||| INVOKING Spit Poison.
   698 | D:1      | 698 ||| INVOKING Spit Poison.
   834 | D:1      | 834 ||| DRINKING 3 blue potions.
   835 | D:1      | 835 ||| DRINKING 2 grey potions.
   836 | D:1      | 836 ||| DROPPING scroll of butterflies.
   873 | D:2      | 873 ||| INVOKING Spit Poison.
   888 | D:2      | 888 ||| INVOKING Spit Poison.
   889 | D:2      | 889 ||| INVOKING Spit Poison.
   890 | D:2      | Reached XP level 3. HP: 32/32 MP: 3/3
   899 | D:2      | 899 ||| INVOKING Spit Poison.
   905 | D:2      | Found a faded altar of an unknown god.
   922 | D:2      | 922 ||| INVOKING Spit Poison.
   967 | D:2      | 967 ||| INVOKING Spit Poison.
   973 | D:2      | 973 ||| INVOKING Spit Poison.
  1039 | D:2      | 1039 ||| INVOKING Spit Poison.
  1043 | D:2      | 1043 ||| INVOKING Spit Poison.
  1092 | D:2      | 1092 ||| INVOKING Spit Poison.
  1098 | D:2      | 1098 ||| INVOKING Spit Poison.
  1181 | D:2      | 1181 ||| INVOKING Spit Poison.
  1213 | D:2      | 1213 ||| INVOKING Spit Poison.
  1228 | D:2      | 1228 ||| INVOKING Spit Poison.
  1258 | D:2      | 1258 ||| INVOKING Spit Poison.
  1328 | D:2      | 1328 ||| INVOKING Spit Poison.
  1406 | D:2      | 1406 ||| INVOKING Spit Poison.
  1504 | D:2      | 1504 ||| READING scroll labelled BOUDDO DOMY.
  1505 | D:2      | 1505 ||| READING scroll labelled YRIHEMNEMUL.
  1506 | D:2      | 1506 ||| READING scroll labelled TEMABEARIA.
  1507 | D:2      | 1507 ||| DRINKING 3 black potions.
  1508 | D:2      | 1508 ||| DROPPING 2 potions of invisibility.
  1535 | D:3      | 1535 ||| INVOKING Spit Poison.
  1539 | D:3      | 1539 ||| INVOKING Spit Poison.
  1564 | D:3      | 1564 ||| INVOKING Spit Poison.
  1567 | D:3      | Noticed Robin
  1571 | D:3      | 1571 ||| INVOKING Spit Poison.
  1575 | D:3      | 1575 ||| INVOKING Spit Poison.
  1577 | D:3      | HP: 7/32 [goblin/+0 club[Robin] (3)]
  1578 | D:3      | 1578 ||| DRINKING 2 potions of heal wounds.
  1579 | D:3      | Killed Robin
  1580 | D:3      | Reached skill level 5 in Ranged Weapons
  1580 | D:3      | Reached XP level 4. HP: 7/39 MP: 4/4
  1580 | D:3      | 1580 ||| DRINKING potion of heal wounds.
  1581 | D:3      | 1581 ||| INVOKING Spit Poison.
  1588 | D:3      | 1588 ||| INVOKING Spit Poison.
  1589 | D:3      | HP: 9/39 [goblin/sling bullet[Robin] (5)]
  1618 | D:3      | 1618 ||| INVOKING Spit Poison.
  1654 | D:3      | 1654 ||| INVOKING Spit Poison.
  1657 | D:3      | 1657 ||| INVOKING Spit Poison.
  1660 | D:3      | 1660 ||| INVOKING Spit Poison.
  1670 | D:3      | 1670 ||| INVOKING Spit Poison.
  1725 | D:3      | 1725 ||| INVOKING Spit Poison.
  1728 | D:3      | 1728 ||| INVOKING Spit Poison.
  1735 | D:3      | 1735 ||| INVOKING Spit Poison.
  1735 | D:3      | HP: 6/40 [gnoll/+0 halberd (9)]
  1736 | D:3      | 1736 ||| DRINKING potion of heal wounds.
  1739 | D:3      | Mangled by a gnoll

Levels and vault maps discovered:
D:1:      scummos_arrival_simple_fountains, layout_basic,
          hangedman_decor_clover_reticule
D:2:      layout_loops_ring, basic_ecumenical_altar
D:3:      layout_basic, nicolae_grassy_gnolls, uniq_crazy_yiuf_cottage,
          uniq_terence, uniq_robin

Skill      XL: |  1  2  3 |
---------------+----------+-----
Ranged Weapons | 4 5 |  5.0
Fighting       | |  2.5
Dodging        | |  1.5
Stealth        | |  1.5

Action                     |  1- 3 |  4- 6 || total
---------------------------+-------+-------++-------
   Fire: Shortbow          |    64 |    28 ||    92
Ability: Spit Poison       |    36 |    10 ||    46
    Use: Potion            |     4 |     2 ||     6
         Scroll            |     3 |       ||     3
 Armour: Leather armour    |     3 |     4 ||     7
  Dodge: Dodged            |     9 |    13 ||    22

Table legend:
 A = Non-vault XP
 B = Vault XP
 C = Vault XP percentage of total XP
 D = Non-vault monster count
 E = Vault monster count
 F = Vault count percentage of total count
                 A         B        C        D         E       F
            +---------+---------+-------+---------+---------+-------
      Total |      71 |      65 |  47.8 |      44 |      15 |  25.4
            +---------+---------+-------+---------+---------+-------
        D:1 |      32 |       0 |   0.0 |      20 |       0 |   0.0
        D:2 |      35 |       0 |   0.0 |      22 |       0 |   0.0
        D:3 |       4 |      65 |  94.2 |       2 |      15 |  88.2
            +---------+---------+-------+---------+---------+-------
